 Dungeon Crawl Stone Soup version 0.27-a0-333-gfa571bf19a (webtiles) character file.

Game seed: 9130520582551526391

220 ReteAZ the Shield-Bearer (level 5, -8/37 HPs)
             Began as an Octopode Fighter on Feb 12, 2021.
             Mangled by an ogre
             ... wielding a +0 giant club
              (11 damage)
             ... on level 3 of the Dungeon.
             The game lasted 00:02:01 (3202 turns).

ReteAZ the Shield-Bearer (Octopode Fighter)         Turns: 3202, Time: 00:02:01

Health: -8/37      AC:  1    Str: 15    XL:     5   Next: 97%
Magic:  14/14      EV: 12    Int: 10    God:
Gold:   162        SH:  9    Dex: 13    Spells: 4/4 levels left

rFire    + . .     SeeInvis .     - Unarmed
rCold    x . .     Faith    .   a - +0 kite shield
rNeg     . . .     Spirit   .   (helmet restricted)
rPois    .         Reflect  .   (no amulet)
rElec    .         Harm     .   d - ring of fire
rCorr    .         Rampage  .   k - ring of magical power
Will     .....                  (no ring)
Stlth    ++........             (no ring)
HPRegen  0.12/turn              (no ring)
MPRegen  0.14/turn              (no ring)
                                (no ring)
                                (no ring)

@: no status effects
A: almost no armour, stealthy swim, amphibious, 8 rings, constrict 8, camouflage
1, gelatinous body 1
a: no special abilities


You were on level 3 of the Dungeon.
You visited 1 branch of the dungeon, and saw 3 of its levels.

You collected 162 gold pieces.

Inventory:

Armour
 a - a +0 kite shield (worn)
Jewellery
 d - a ring of fire (left tentacle)
 j - a ring of fire
 k - a ring of magical power (right tentacle)
Wands
 n - a wand of mindburst (14)
Scrolls
 i - 2 scrolls of identify {unknown}
 m - a scroll of fog {unknown}
Potions
 c - a potion of cancellation {unknown}
 e - 2 potions of magic {unknown}
 f - 2 potions of attraction {unknown}
 g - 2 potions of lignification {unknown}
 h - a potion of haste {unknown}
 l - a potion of curing {unknown}


   Skills:
 + Level 4.1 Fighting
 + Level 4.1 Dodging
 + Level 4.1 Shields
 + Level 3.4 Unarmed Combat


You had 4 spell levels left.
You didn't know any spells.
Your spell library was empty.

Dungeon Overview and Level Annotations

Branches:
Dungeon (3/15)

Altars:


Innate Abilities, Weirdness & Mutations

You cannot wear most types of armour.
You are very stealthy in the water. (Stealth+)
You are amphibious.
You can wear up to eight rings at the same time.
You can use your tentacles to constrict eight enemies at once.
Your skin changes colour to match your surroundings (Stealth+).
Your rubbery body absorbs attacks. (AC +1, EV +1)


Message History

You start resting.
You feel a little less mighty now.
You start resting.
HP restored.
There is an open door, spattered with blood here.
Items here: ( )) รท.
An orc comes into view. It is wielding a +0 flail.
The orc shouts!
An orc is nearby!
An orc is nearby!
An ogre comes into view. It is wielding a +0 giant club.
Found a scroll labelled XUN DALABBEI.
Found an escape hatch in the floor.
The orc closely misses you.
You completely miss the orc.
The ogre shouts!
Your grab misses the orc. You block the orc's attack.
You tentacle-slap the orc. You grab the orc. Your squeeze misses the orc.
The orc is severely wounded.
You constrict the orc.
You kill the orc!
The ogre misses you.
You tentacle-slap the ogre but do no damage.
Your squeeze misses the ogre. The ogre hits you with a +0 giant club!
You completely miss the ogre. You tentacle-slap the ogre.
The ogre is lightly wounded.
You block the ogre's attack.
You tentacle-slap the ogre.
The ogre is lightly wounded.
The ogre hits you with a +0 giant club!!
Ouch! That really hurt!
* * * LOW HITPOINT WARNING * * *
You are too injured to fight recklessly!
An ogre is nearby!
An ogre is nearby!
Aiming: Mindburst
Press: ? - help, Shift-Dir - straight line, f - ogre
Aim: an ogre, wielding a +0 giant club (lightly wounded, chance to affect: 65%)
The ogre's mind is blasted!
The ogre hits you with a +0 giant club!
You die...

........##.#
#...........
.........#.#
#########'##
.........#.# #..#
.........#.# ##.#
....?>..)#.# #..
.........#.# ##.
########.#.# #.
#O#.# ## #@#.# #
#####.#)########
#
#..............#
#
+..[.........<.#
#
#..............#
#...............#
#...............#
#
#...............#
#
................#
#


You could see an ogre.

Vanquished Creatures
  A centaur (D:3)
  6 adders
  An ooze (D:2)
  3 worms
  2 dart slugs (D:1)
  2 leopard geckos
  4 orcs (D:3)
  4 bats
  5 giant cockroaches
  5 goblins
  11 hobgoblins
  7 jackals
  A quokka (D:2)
  A ball python (D:1)
  4 frilled lizards
  4 kobolds
  6 rats
67 creatures vanquished.

Notes
Turn   | Place    | Note
-------+----------+-------------------------------------------
     0 | D:1      | ReteAZ the Octopode Fighter began the quest for the Orb.
     0 | D:1      | Reached XP level 1. HP: 16/16 MP: 1/1
   372 | D:1      | Reached XP level 2. HP: 15/21 MP: 2/2
  1000 | D:1      | Reached XP level 3. HP: 23/26 MP: 3/3
  1475 | D:2      | Reached XP level 4. HP: 29/31 MP: 4/4
  2609 | D:3      | Reached XP level 5. HP: 37/37 MP: 5/5
  2966 | D:3      | Noticed a centaur
  2976 | D:3      | Killed a centaur
  3189 | D:3      | Noticed an ogre
  3202 | D:3      | Mangled by an ogre

Illustrated notes

Levels and vault maps discovered:
D:1:      scummos_arrival_star, layout_loops_ring, st_stairs_1
D:2:      layout_loops_ring
D:3:      layout_basic

Skill      XL: |  1  2  3  4  5 |
---------------+----------------+-----
Unarmed Combat | 3 |  3.4
Fighting       | 4 |  4.1
Dodging        | 4 |  4.1
Shields        | 4 |  4.1

Action                   |  1- 3 |  4- 6 || total
-------------------------+-------+-------++-------
Melee: Unarmed           |    68 |    91 ||   159
       Constrict         |    22 |    29 ||    51
       Tentacles         |    15 |    16 ||    31
       Punch             |     1 |     3 ||     4
Evoke: Wand              |       |     1 ||     1
  Use: Potion            |       |     1 ||     1
 Stab: Sleeping          |       |     6 ||     6
Armor: Skin              |     8 |     4 ||    12
Dodge: Dodged            |    25 |    46 ||    71
Block: Kite shield       |    28 |    39 ||    67

Table legend: (Time is in decaauts)
 A = Elapsed time spent in this place.
 B = Non-inter-level travel time spent in this place.
 C = Inter-level travel time spent in this place.
 D = Time resting spent in this place.
 E = Time spent auto-exploring this place.
 F = Levels seen in this place.
 G = Mean time per level.
                   A        B        C        D        E       F      G
               +--------+--------+--------+--------+--------+-----+--------+
         Total |   3229 |   3181 |     48 |    298 |   2486 |   3 | 1076.3 |
       Dungeon |   3229 |   3181 |     48 |    298 |   2486 |   3 | 1076.3 |
               +--------+--------+--------+--------+--------+-----+--------+

Top non-repeatable levels by time:
     D:1: 1226 daAuts
     D:2: 1127 daAuts
     D:3: 875 daAuts
